 Dungeon Sprint DCSS version 0.17-a0-1443-g24042e0 (webtiles) character file.

15397 tinkerttoy the Shatterer (level 12, -4/156 (158) HPs)
             Began as an Ogre Berserker on June 28, 2015.
             Was the Champion of Trog.
             Slain by a golden dragon (11 damage)
             ... in the Dungeon (Sprint I: "Red Sonja").
             The game lasted 00:08:37 (2834 turns).

tinkerttoy the Shatterer (Ogre Berserker)           Turns: 2834, Time: 00:08:37

HP:   -4/156 (158)  AC:  5    Str: 36    XL:     12   Next: 26%
MP:   12/12         EV: 13    Int:  8    God:    Trog [******]
Gold: 1808          SH:  0    Dex:  6    Spells: 0 memorised, 11 levels left

rFire  + . .     SeeInvis +     c - +5 giant spiked club "Deozaodd" {freeze, *Rage Str+7 Int+2 Dex-3}
rCold  . . .     Rnd*Rage +     b - +0 animal skin
rNeg   . . .     SustAt   .     (no shield)
rPois  .         Gourm    .     (helmet restricted)
rElec  .         Spirit   .     k - +0 cloak "Anokir Ismu" {*Confuse rF+ Str+2 SInv} (curse)
rCorr  .         Warding  .     (gloves unavailable)
rMut   .         NoTele   +     (boots unavailable)
MR     +....                    (no amulet)
Stlth  +.........               (no ring)
                                (no ring)

@: lethally poisoned (-4 -> -21), exhausted, slowed, very slow, somewhat
resistant to hostile enchantments, very unstealthy
A: unfitting armour, talons 1, rugged brown scales 1, blurry vision 1,
deterioration 1, screaming 1, tough skin 1, weak 1, subdued magic 1
a: Burn Spellbooks, Berserk, Trog's Hand, Brothers in Arms, Renounce Religion


You were in the Dungeon.
You worshipped Trog.
Trog was exalted by your worship.
You were not hungry.

You visited 1 branch You collected 2055 gold pieces.
You spent 247 gold pieces at shops.

Inventory:

Hand weapons
 c - the +5 giant spiked club "Deozaodd" (weapon) {freeze, *Rage Str+7 Int+2 Dex-3}
   (Trog gifted it to you in the Dungeon)

   It has been specially enchanted to freeze those struck by it, causing extra
   injury to most foes and up to half again as much damage against particularly
   susceptible opponents.
   It can also slow down cold-blooded creatures.
   It affects your strength (+7).
   It affects your intelligence (+2).
   It affects your dexterity (-3).
   It may make you go berserk in combat.
Armour
 b - a +0 animal skin (worn)
 k - the cursed +0 cloak "Anokir Ismu" (worn) {*Confuse rF+ Str+2 SInv}
   (You bought it in a shop in the Dungeon)

   It affects your strength (+2).
   It protects you from fire.
   It lets you see invisible.
   It may confuse you when you take damage.
   It has a curse placed upon it.
Magical devices
 l - a wand of teleportation (4)
Scrolls
 i - a scroll of blinking
 j - a scroll of remove curse {unknown}
 p - a scroll of identify
Potions
 a - a potion of lignification
 e - a potion of heal wounds
 f - a potion of haste
 g - 2 potions of magic
 h - a potion of berserk rage
 m - 2 potions of curing
Comestibles
 d - 2 beef jerkies


   Skills:
 + Level 19.0 Fighting
 * Level 24.9 Maces & Flails
 + Level 14.1 Dodging


You had 11 spell levels left.
You didn't know any spells.

Dungeon Overview and Level Annotations

Branches:
Dungeon (1/1)

Altars:
Cheibriados
Dithmenos
Elyvilon
Fedhas
Gozag
Kikubaaqudgha
Makhleb
Nemelex Xobeh
Okawaru
Qazlal
Ru
Sif Muna
Trog
Vehumet
Xom
Yredelemnul
Zin
The Shining One
Jiyva

Shops:
D [[[(}=!:}?([(%%(?(([!


Innate Abilities, Weirdness & Mutations

You are too large for most types of armour.
You have tough skin (AC +1).
You have sharp toenails.
You are partially covered in rugged brown scales (AC +1, +3% HP).
Scrolls take you a little longer to read.
Your body sometimes deteriorates upon taking damage.
You occasionally shout uncontrollably at your foes.
You are weak. (Str -2)
Your spells are a little easier to cast, but a little less powerful.


Message History

You feel your anger subside.
You are no longer berserk.
You are exhausted.
You feel yourself slow down.
The golden dragon breathes poison at you.
Found a small copper amulet.
You are engulfed in poison gas.
You are poisoned.
You feel sick.
Found 189 gold pieces.
There is an open door here.
You are engulfed in poison gas.
You are more poisoned.
You feel very sick.
Found 189 gold pieces.
You found an arrow trap!
You feel very sick. The golden dragon bites you!!!
* * * LOW HITPOINT WARNING * * *
The golden dragon claws you!
You die...

§§..'..#^^§§§.§#
..§##..'^(#.§§§##
§§#######+#§§(.§#
#+# #§.§§§#
##..§§# ###§##
#§####+#
##§#§^§.# #.§§@§§
#.§§D§.....#
#§.§§§§.§..#
#....§§§§§...#
#.....)..§...#
##.....§§§..##
#$$$$$§$$§$#
##$$$$$$$$##


You could see a golden dragon.

Vanquished Creatures
  A shadow dragon (D)
  A hydra (D)
  2 centaur warriors (D)
  Sonja (D)
  2 unseen horrors (D)
  A lindwurm (D)
  A deep troll (D)
  8 shining eyes (D)
  An oklob plant (D)
  A gargoyle (D)
  2 kobold demonologists (D)
  4 demonic crawlers (D)
  A slime creature (D)
  4 trapdoor spiders (D)
  Sigmund (D)
  A yak (D)
  13 hogs (D)
  7 necrophages (D)
  A wasp (D)
  An ogre (D)
  8 jellies (D)
  Ijyb (D)
  7 giant eyeballs (D)
  3 ballistomycetes (D)
73 creatures vanquished.

Vanquished Creatures (others)
  A gargoyle (D)
  2 giant spores (D)
3 creatures vanquished.

Grand Total: 76 creatures vanquished

Notes
Turn   | Place    | Note
--------------------------------------------------------------
     0 | D        | tinkerttoy the Ogre Berserker began the quest for the Orb.
     0 | D        | Reached XP level 1. HP: 24/24 MP: 1/1
     1 | D        | Noticed Ijyb
    14 | D        | Killed Ijyb
    14 | D        | Reached skill level 5 in Fighting
    14 | D        | Reached skill level 6 in Maces & Flails
    14 | D        | Reached XP level 2. HP: 19/35 MP: 2/2
    14 | D        | Reached XP level 3. HP: 22/42 MP: 3/3
   153 | D        | Noticed an ogre
   157 | D        | Killed an ogre
   157 | D        | Reached skill level 7 in Fighting
   157 | D        | Reached skill level 9 in Maces & Flails
   157 | D        | Reached XP level 4. HP: 55/55 MP: 4/4
   193 | D        | Noticed Sigmund
   200 | D        | Killed Sigmund
   200 | D        | Acquired Trog's second power
   200 | D        | Reached skill level 11 in Maces & Flails
   200 | D        | Reached XP level 5. HP: 64/67 MP: 5/5
   200 | D        | Reached XP level 6. HP: 71/75 MP: 6/6
   257 | D        | Found a snail-covered altar of Cheibriados.
   257 | D        | Found a viscous altar of Jiyva.
   257 | D        | Found a shadowy altar of Dithmenos.
   257 | D        | Found a blossoming altar of Fedhas.
   257 | D        | Noticed a slime creature
   272 | D        | Killed a slime creature
   272 | D        | Reached skill level 10 in Fighting
   272 | D        | Reached skill level 13 in Maces & Flails
   272 | D        | Reached XP level 7. HP: 8/85 MP: 7/7
   340 | D        | Killed a gargoyle
   434 | D        | Found a deep blue altar of Sif Muna.
   435 | D        | Noticed a jelly
   436 | D        | Found a radiant altar of Vehumet.
   438 | D        | Killed a jelly
   461 | D        | Found Qeuxy's Antique Weapon Emporium.
   461 | D        | Found a white marble altar of Elyvilon.
   461 | D        | Found a stormy altar of Qazlal.
   461 | D        | Found a basalt altar of Yredelemnul.
   461 | D        | Found an iron altar of Okawaru.
   461 | D        | Found a sparkling altar of Nemelex Xobeh.
   461 | D        | Found a shimmering altar of Xom.
   461 | D        | Found an ancient bone altar of Kikubaaqudgha.
   461 | D        | Noticed a yak
   462 | D        | Killed a yak
   462 | D        | Reached skill level 14 in Maces & Flails
   463 | D        | Found a burning altar of Makhleb.
   463 | D        | Found a sacrificial altar of Ru.
   463 | D        | Found a glowing golden altar of the Shining One.
   463 | D        | Found an opulent altar of Gozag.
   463 | D        | Found a glowing silver altar of Zin.
   469 | D        | Found a bloodstained altar of Trog.
   506 | D        | Noticed a centaur warrior
   506 | D        | Noticed a centaur warrior
   515 | D        | Killed a centaur warrior
   515 | D        | Reached skill level 16 in Maces & Flails
   515 | D        | Reached XP level 8. HP: 68/98 MP: 8/8
   523 | D        | Killed a centaur warrior
   523 | D        | Reached skill level 17 in Maces & Flails
   523 | D        | Reached XP level 9. HP: 52/110 MP: 9/9
   714 | D        | Noticed a wasp
   719 | D        | Killed a wasp
   719 | D        | Acquired Trog's third power
   731 | D        | Noticed an oklob plant
   735 | D        | Killed an oklob plant
   735 | D        | Reached skill level 18 in Maces & Flails
   735 | D        | Reached skill level 10 in Dodging
   745 | D        | Noticed a trapdoor spider
   746 | D        | Noticed a trapdoor spider
   748 | D        | Killed a trapdoor spider
   749 | D        | Noticed a trapdoor spider
   756 | D        | Noticed a trapdoor spider
   758 | D        | Killed a trapdoor spider
   948 | D        | Killed a trapdoor spider
   948 | D        | Reached skill level 19 in Maces & Flails
   957 | D        | Killed a trapdoor spider
   963 | D        | Noticed a jelly
   963 | D        | Noticed a jelly
   963 | D        | Paralysed by a giant eyeball for 3 turns
   968 | D        | Noticed a jelly
   968 | D        | Noticed a jelly
   968 | D        | Noticed a jelly
   968 | D        | Noticed a jelly
   968 | D        | Noticed a jelly
   970 | D        | Noticed a necrophage
   976 | D        | Killed a jelly
   977 | D        | Killed a jelly
   977 | D        | Received a gift from Trog
   979 | D        | Killed a jelly
   981 | D        | Killed a jelly
   983 | D        | Killed a jelly
   985 | D        | Killed a jelly
   985 | D        | Reached XP level 10. HP: 43/123 MP: 10/10
   987 | D        | Killed a necrophage
   988 | D        | Killed a jelly
  1254 | D        | Noticed a necrophage
  1254 | D        | Noticed a necrophage
  1259 | D        | Killed an unseen horror
  1259 | D        | Reached skill level 15 in Fighting
  1264 | D        | Killed an unseen horror
  1264 | D        | Received a gift from Trog
  1264 | D        | Reached skill level 20 in Maces & Flails
  1269 | D        | Killed a necrophage
  1274 | D        | Killed a necrophage
  1627 | D        | Noticed a necrophage
  1627 | D        | Noticed a necrophage
  1635 | D        | Killed a necrophage
  1636 | D        | Killed a necrophage
  1639 | D        | Noticed a necrophage
  1639 | D        | Noticed a necrophage
  1647 | D        | Killed a necrophage
  1650 | D        | Killed a necrophage
  1667 | D        | Found Uthronn's Book Shoppe.
  1667 | D        | Found Giack's Distillery.
  1667 | D        | Found Zeked's Gadget Boutique.
  1669 | D        | Found Xysenos's Magic Scroll Emporium.
  1669 | D        | Found Ybetuw's Weapon Shop.
  1669 | D        | Found Xipt's Antique Armour Shoppe.
  1669 | D        | Found Muofount's Antique Weapon Boutique.
  1669 | D        | Found Seokk's Food Emporium.
  1669 | D        | Found Lumif's Food Shop.
  1669 | D        | Found Rij Erphy's Weapon Shoppe.
  1670 | D        | Found Juiblan's Magic Scroll Boutique.
  1671 | D        | Found Ufesen's Weapon Emporium.
  1671 | D        | Found Kiam Rou's Antique Weapon Boutique.
  1672 | D        | Found Bacul's Distillery.
  1725 | D        | Noticed a deep troll
  1729 | D        | Killed a deep troll
  1729 | D        | Reached skill level 21 in Maces & Flails
  2064 | D        | Found Qireoqim's Armour Emporium.
  2079 | D        | Noticed Sonja
  2085 | D        | Killed Sonja
  2098 | D        | Found Dima's Armour Boutique.
  2177 | D        | Noticed a shining eye
  2177 | D        | Noticed a shining eye
  2177 | D        | Noticed a shining eye
  2177 | D        | Noticed a shining eye
  2177 | D        | Noticed a shining eye
  2177 | D        | Noticed a shining eye
  2177 | D        | Paralysed by a giant eyeball for 3 turns
  2180 | D        | Gained mutation: Scrolls take you a little longer to read. [a shining eye]
  2181 | D        | Paralysed by a giant eyeball for 4 turns
  2181 | D        | Gained mutation: Your spells are a little easier to cast, but a little less powerful. [a shining eye]
  2182 | D        | Gained mutation: Your magical capacity is low (-10% MP). [a shining eye]
  2186 | D        | Paralysed by a giant eyeball for 2 turns
  2192 | D        | Killed a shining eye
  2195 | D        | Killed a shining eye
  2195 | D        | Reached XP level 11. HP: 93/134 MP: 9/9
  2195 | D        | Paralysed by a giant eyeball for 4 turns
  2195 | D        | Gained mutation: You occasionally shout uncontrollably at your foes. [a shining eye]
  2201 | D        | Killed a shining eye
  2201 | D        | Reached skill level 22 in Maces & Flails
  2204 | D        | Killed a shining eye
  2208 | D        | Gained mutation: You have sharp toenails. [a shining eye]
  2209 | D        | Killed a shining eye
  2210 | D        | Gained mutation: Your body sometimes deteriorates upon taking damage. [a shining eye]
  2211 | D        | Killed a shining eye
  2212 | D        | Paralysed by a giant eyeball for 4 turns
  2218 | D        | Received a gift from Trog
  2221 | D        | Got a faintly glowing giant spiked club {god gift}
  2222 | D        | Identified the +5 giant spiked club "Deozaodd" {freeze, *Rage Str+7 Int+2 Dex-3} (Trog gifted it to you in the Dungeon)
  2232 | D        | Noticed a shining eye
  2232 | D        | Noticed a shining eye
  2232 | D        | Gained mutation: You are partially covered in rugged brown scales (AC +1, +3% HP). [a shining eye]
  2237 | D        | Lost mutation: Your magical capacity is low (-10% MP). [a shining eye]
  2239 | D        | Killed a shining eye
  2240 | D        | Gained mutation: You are weak. (Str -2) [a shining eye]
  2244 | D        | Killed a shining eye
  2284 | D        | Found Eblaor's Gadget Shop.
  2284 | D        | Found Ahauqag's Antique Armour Shoppe.
  2284 | D        | Found Ideub's Jewellery Boutique.
  2284 | D        | Found Zauppicw's Antique Armour Emporium.
  2306 | D        | Bought a translucent cloak for 247 gold pieces
  2311 | D        | Identified the cursed +0 cloak "Anokir Ismu" {*Confuse rF+ Str+2 SInv} (You bought it in a shop in the Dungeon)
  2399 | D        | Noticed a kobold demonologist
  2400 | D        | Noticed a kobold demonologist
  2402 | D        | Killed a kobold demonologist
  2402 | D        | Paralysed by a giant eyeball for 2 turns
  2408 | D        | Killed a kobold demonologist
  2408 | D        | Received a gift from Trog
  2408 | D        | Reached skill level 23 in Maces & Flails
  2415 | D        | Noticed a demonic crawler
  2415 | D        | Noticed a demonic crawler
  2415 | D        | Noticed a demonic crawler
  2415 | D        | Noticed a demonic crawler
  2416 | D        | Killed a demonic crawler
  2418 | D        | Killed a demonic crawler
  2420 | D        | Killed a demonic crawler
  2423 | D        | Killed a demonic crawler
  2423 | D        | Received a gift from Trog
  2461 | D        | Noticed a gargoyle
  2466 | D        | Killed a gargoyle
  2488 | D        | Noticed a lindwurm
  2491 | D        | Killed a lindwurm
  2503 | D        | Noticed a hog
  2503 | D        | Noticed a hog
  2503 | D        | Noticed a hog
  2503 | D        | Noticed a hog
  2503 | D        | Noticed a hog
  2503 | D        | Noticed a hog
  2503 | D        | Noticed a hog
  2503 | D        | Noticed a hog
  2503 | D        | Noticed a hog
  2504 | D        | Noticed a hog
  2505 | D        | Killed a hog
  2506 | D        | Noticed a hog
  2506 | D        | Noticed a hog
  2506 | D        | Killed a hog
  2507 | D        | Noticed a hog
  2509 | D        | Killed a hog
  2511 | D        | Killed a hog
  2511 | D        | Received a gift from Trog
  2512 | D        | Killed a hog
  2514 | D        | Killed a hog
  2514 | D        | Reached skill level 24 in Maces & Flails
  2516 | D        | Killed a hog
  2517 | D        | Killed a hog
  2519 | D        | Killed a hog
  2520 | D        | Killed a hog
  2520 | D        | Reached XP level 12. HP: 147/154 MP: 12/12
  2522 | D        | Killed a hog
  2522 | D        | Received a gift from Trog
  2523 | D        | Killed a hog
  2524 | D        | Killed a hog
  2555 | D        | Noticed a 12-headed hydra
  2555 | D        | Paralysed by a giant eyeball for 2 turns
  2557 | D        | Killed a 12-headed hydra
  2812 | D        | Noticed a shadow dragon
  2812 | D        | Noticed a golden dragon
  2827 | D        | Killed a shadow dragon
  2827 | D        | Received a gift from Trog
  2834 | D        | HP: 7/156 [golden dragon (38)]
  2834 | D        | Slain by a golden dragon

Vault maps used:
D:        dungeon_sprint_1

Action                   |  1- 3 |  4- 6 |  7- 9 | 10-12 || total
-------------------------+-------+-------+-------+-------++-------
Melee: Mace              |    15 |    13 |       |       ||    28
       Giant club        |       |       |    44 |    61 ||   105
       Giant spiked club |       |       |       |    53 ||    53
Invok: Berserk           |     1 |     2 |       |       ||     3
       Burn Spellbooks   |       |       |       |     1 ||     1
  Use: Scroll            |       |       |     1 |       ||     1
       Potion            |       |       |     1 |     3 ||     4
 Stab: Sleeping          |       |       |     1 |       ||     1
  Eat: Chunk             |       |       |     2 |       ||     2
       Bread ration      |       |       |     1 |       ||     1
       Meat ration       |       |       |       |     1 ||     1
